 Dungeon Crawl Stone Soup version 0.26.1-11-gd32895ea62 (webtiles) character file.

Game seed: 10552189487471868111

447 Noranon the Skirmisher (level 6, 0/63 HPs)
             Began as a Troll Monk on June 26, 2021.
             Killed by divine providence
             ... invoked by an orc priest
              (11 damage)
             ... on level 4 of the Dungeon.
             The game lasted 00:08:22 (2520 turns).

Noranon the Skirmisher (Troll Monk)                 Turns: 2520, Time: 00:08:22

Health: 0/63       AC: 10    Str: 22    XL:     6   Next: 73%
Magic:  5/5        EV: 11    Int:  6    God:
Gold:   139        SH:  0    Dex: 12    Spells: 5/5 levels left

rFire    . . .     SeeInvis .     - Unarmed
rCold    . . .     Faith    .   (no shield)
rNeg     . . .     Spirit   .   a - +0 robe
rPois    .         Reflect  .   (helmet restricted)
rElec    .         Harm     .   (no cloak)
rCorr    .         Rampage  .   (gloves unavailable)
Will     .....                  (boots unavailable)
Stlth    ++........             (no amulet)
HPRegen  0.60/turn              g - +4 ring of protection
MPRegen  0.09/turn              (no ring)

@: no status effects
A: large, unfitting armour, claws 3, regeneration 1, shaggy fur 1, tough skin 3
a: no special abilities


You were on level 4 of the Dungeon.
You visited 1 branch of the dungeon, and saw 4 of its levels.

You collected 139 gold pieces.

Inventory:

Hand Weapons
 c - a +0 club
Armour
 a - a +0 robe (worn)
Jewellery
 g - a +4 ring of protection (left claw)
Wands
 o - a wand of enslavement (7)
Scrolls
 b - 2 scrolls of noise
 e - 2 scrolls of fear {unknown}
 f - a scroll of random uselessness {unknown}
 i - a scroll of teleportation {unknown}
 k - 6 scrolls of remove curse {unknown}
 l - a scroll of identify {unknown}
 p - 2 scrolls of fog {unknown}
 q - a scroll of amnesia {unknown}
Potions
 d - 5 potions of curing {unknown}
 h - a potion of heal wounds {unknown}
 j - a potion of lignification {unknown}
 m - 2 potions of haste
 n - a potion of mutation {unknown}


   Skills:
 * Level 4.4 Fighting
 + Level 2.3 Maces & Flails
 + Level 3.5 Dodging
 - Level 1.0 Stealth
 + Level 4.3 Unarmed Combat


You had 5 spell levels left.
You didn't know any spells.
Your spell library was empty.

Dungeon Overview and Level Annotations

Branches:
Dungeon (4/15)             Temple (0/1) D:4

Altars:
Qazlal
Ru
Trog


Innate Abilities, Weirdness & Mutations

You are too large for most types of armour.
You have claws for hands.
Your natural rate of healing is unusually fast.
You are covered in fur. (AC +1)
You have extremely tough skin. (AC +3)


Message History

The orc priest is almost dead.
The orc warrior completely misses you. The orc priest misses you.
You scratch the orc priest but do no damage.
The orc priest is almost dead.
The orc warrior hits you with a +0 mace!
The orc priest closely misses you.
You scratch the orc priest but do no damage.
The orc priest is almost dead.
The orc warrior closely misses you. The orc hits you with a cursed -2 club.
The orc priest calls down the wrath of Beogh upon you.
Beogh smites you!
* * * LOW HITPOINT WARNING * * *
You barely miss the orc priest.
The orc priest is almost dead.
You closely miss the orc priest.
The orc priest is almost dead.
The orc hits you but does no damage. The orc warrior closely misses you.
The orc priest calls down the wrath of Beogh upon you.
Beogh smites you!
You die...

.........## ..#.
.........#
.......(.......
..............#
.............<
........#.o.#
......>.#oo.####
..$.:....@o....##
...>.............
..).$.............
#..................
#.###.................#
#.#.............?.
###.#............#
#.#............#
#.#............##


You could see an orc warrior, an orc priest and 2 orcs.

Vanquished Creatures
  Grinder (D:3)
  A hound (D:4)
  2 bullfrog skeletons
  Jessica (D:2)
  A worker ant (D:4)
  4 adders
  2 oozes (D:1)
  3 dart slugs
  A worm (D:3)
  A leopard gecko (D:1)
  2 orcs (D:3)
  11 bats
  A giant cockroach (D:1)
  15 goblins
  10 hobgoblins
  6 jackals
  3 kobolds
  A quokka (D:3)
  5 frilled lizards
  2 rats (D:1)
73 creatures vanquished.

Notes
Turn   | Place    | Note
-------+----------+-------------------------------------------
     0 | D:1      | Noranon the Troll Monk began the quest for the Orb.
     0 | D:1      | Reached XP level 1. HP: 22/22 MP: 0/0
    97 | D:1      | Reached XP level 2. HP: 29/29 MP: 1/1
   246 | D:1      | Reached XP level 3. HP: 36/36 MP: 2/2
  1049 | D:2      | Reached skill level 1 in Maces & Flails
  1050 | D:2      | Noticed Jessica
  1056 | D:2      | Killed Jessica
  1057 | D:2      | Reached XP level 4. HP: 45/45 MP: 3/3
  1369 | D:2      | Found a sacrificial altar of Ru.
  1430 | D:2      | Found a faded altar of an unknown god.
  1537 | D:3      | Found a stormy altar of Qazlal.
  1642 | D:3      | Found a bloodstained altar of Trog.
  1679 | D:3      | Reached XP level 5. HP: 45/53 MP: 4/4
  1937 | D:3      | Noticed Grinder
  1943 | D:3      | Killed Grinder
  1944 | D:3      | Reached XP level 6. HP: 35/62 MP: 5/5
  2460 | D:4      | Found a staircase to the Ecumenical Temple.
  2511 | D:4      | Noticed an orc warrior
  2520 | D:4      | Killed from afar by an orc priest

Illustrated notes

Levels and vault maps discovered:
D:1:      ncdulo_lavacross, layout_basic
D:2:      layout_rooms, general_overflow_altar,
          chequers_ecumenical_altar_simple, hangedman_decor_slide_cut,
          uniq_jessica
D:3:      kennysheep_the_goblin_king, layout_loops_ring, lemuel_doored_altar,
          trog_book, uniq_grinder
D:4:      layout_cave_pools, minmay_temple_entry_offerings,
          serial_co_window_serial, co_window_paths_b,
          co_window_of_opportunity_a, co_window_corner_a, co_window_paths_a,
          co_window_paths_b, co_window_paths_c, co_window_of_opportunity_b,
          co_window_corner_b, co_window_paths_e, glass_columns_a,
          glass_columns_b

Skill      XL: |  1  2  3  4  5 |
---------------+----------------+-----
Fighting       | 3 4 |  4.4
Maces & Flails | 1 2 |  2.3
Dodging        | 3 |  3.5
Unarmed Combat | 4 |  4.3
Stealth        | |  1.0

Action                   |  1- 3 |  4- 6 || total
-------------------------+-------+-------++-------
Melee: Unarmed           |   100 |   120 ||   220
       Punch             |       |     2 ||     2
  Use: Scroll            |       |     1 ||     1
 Stab: Sleeping          |     2 |     1 ||     3
Armor: Robe              |    67 |    46 ||   113
Dodge: Dodged            |    90 |    87 ||   177
